 Dungeon Crawl Stone Soup version 0.23.2-33-g5129a83184 (webtiles) character file.

Game seed: 7222772347097576875

87 Folque the Chiller (level 4, -3/52 HPs)
             Began as a Draconian Ice Elementalist on July 7, 2019.
             Was an Initiate of Sif Muna.
             Slain by a gnoll (5 damage)
             ... on level 2 of the Dungeon.
             The game lasted 00:05:16 (1895 turns).

Folque the Chiller (Draconian Ice Elementalist)     Turns: 1895, Time: 00:05:17

Health: -3/52      AC:  5    Str: 15    XL:     4   Next: 28%
Magic:  3/8        EV: 12    Int: 16    God:    Sif Muna [......]
Gold:   53         SH:  0    Dex: 12    Spells: 3/9 levels left

rFire    . . .     SeeInvis .   d - +0 dagger
rCold    . . .     Gourm    .   (no shield)
rNeg     . . .     Faith    .   (armour unavailable)
rPois    .         Spirit   .   (helmet restricted)
rElec    .         Reflect  .   (no cloak)
rCorr    .         Harm     .   (no gloves)
MR       .....                  (no boots)
Stlth    ..........             (no amulet)
HPRegen  0.17/turn              (no ring)
MPRegen  0.11/turn              (no ring)

@: berserking, hasted, very quick
A: unfitting armour, cold-blooded, AC +5
a: Renounce Religion


You were on level 2 of the Dungeon.
You worshipped Sif Muna.
Sif Muna was noncommittal.
You were hungry.

You visited 1 branch of the dungeon, and saw 2 of its levels.

You collected 53 gold pieces.

Inventory:

Hand Weapons
 d - a +0 dagger (weapon)
Scrolls
 c - a scroll of amnesia {unknown}
 e - a scroll of identify {unknown}
 g - a scroll of immolation {unknown}
 h - a scroll of fear {unknown}
 j - a scroll of remove curse {unknown}
 k - a scroll of magic mapping {unknown}
Potions
 l - a potion of brilliance {unknown}
Comestibles
 b - 5 rations
 i - 3 chunks of flesh


   Skills:
 - Level 1.3 Fighting
 - Level 1.7 Dodging
 - Level 1.7 Stealth
 + Level 3.0 Spellcasting
 + Level 1.8 Conjurations
 + Level 3.8 Ice Magic


You had 3 spell levels left.
You knew the following spells:

 Your Spells              Type           Power        Failure   Level  Hunger
a - Freeze                Ice            ##..         4%          1    #......
b - Throw Frost           Conj/Ice       ##....       9%          2    ##.....
c - Ozocubu's Armour      Chrm/Ice       #.......     26%         3    ###....

Your spell library contained the following spells:

 Spells                   Type           Power        Failure   Level  Hunger
 Throw Icicle             Conj/Ice       ##......     52%         4    #####..
 Summon Ice Beast         Ice/Summ       #.......     65%         4    #####..


Dungeon Overview and Level Annotations

Branches:
Dungeon (2/15)

Altars:
Sif Muna
Trog
Vehumet
Wu Jian


Innate Abilities, Weirdness & Mutations

Your plain brown scales are hard. (AC +5)
You cannot fit into any form of body armour.
You are cold-blooded and may be slowed by cold attacks.


Message History

The gnoll is moderately wounded.
The gnoll hits you from afar with a +0 halberd!
The gnoll closely misses you.
You hit the gnoll but do no damage.
The gnoll is moderately wounded.
The gnoll closely misses you. x2
You hit the gnoll.
The gnoll is heavily wounded.
The gnoll closely misses you.
The gnoll hits you from afar with a +0 halberd!
* * * LOW HITPOINT WARNING * * *
Your icy armour cracks and falls away as you move.
It was a potion of haste.
You feel yourself speed up. The gnoll hits you.
* * * LOW HITPOINT WARNING * * *
It was a potion of berserk rage.
A red film seems to cover your vision as you go berserk!
You feel yourself moving faster!
You feel mighty!
You feel a strong urge to attack something.
The gnoll hits you.
You die...

## #### ...# ...#
...# ...# #####
##.####### ####...#
##.#...... #...@g.#
.......... #....g.#
##.#.##.## #.....##
........# #.....#
##.####.# #.....#
.....##.# ##'####
.#......######)#####
.#.####.....รท......+
...# ########.#####


You could see 2 gnolls.

Vanquished Creatures
  2 adders (D:2)
  2 gnolls
  2 worms (D:2)
  A dart slug (D:2)
  2 leopard geckos (D:1)
  9 bats
  4 goblins
  2 hobgoblins (D:2)
  4 jackals (D:1)
  5 kobolds (D:1)
  3 frilled lizards
  4 rats
40 creatures vanquished.

Notes
Turn   | Place    | Note
-------+----------+-------------------------------------------
     0 | D:1      | Folque the Draconian Ice Elementalist began the quest for
                  | the Orb.
     0 | D:1      | Reached XP level 1. HP: 14/14 MP: 3/3
    73 | D:1      | Reached XP level 2. HP: 7/22 MP: 0/5
   129 | D:1      | Learned a level 2 spell: Throw Frost
   158 | D:1      | Reached skill level 1 in Fighting
   591 | D:1      | Reached XP level 3. HP: 20/28 MP: 4/6
   596 | D:1      | Learned a level 3 spell: Ozocubu's Armour
  1415 | D:2      | Found a bloodstained altar of Trog.
  1442 | D:2      | Found a radiant altar of Vehumet.
  1442 | D:2      | Found an ornate altar of the Wu Jian Council.
  1445 | D:2      | Found a deep blue altar of Sif Muna.
  1453 | D:2      | Reached XP level 4. HP: 14/35 MP: 8/8
  1463 | D:2      | Became a worshipper of Sif Muna the Loreminder
  1891 | D:2      | HP: 1/35 [gnoll (3)]
  1895 | D:2      | Slain by a gnoll

Skill      XL: |  1  2  3  4 |
---------------+-------------+-----
Fighting       | 1 |  1.3
Spellcasting   | 3 |  3.0
Dodging        | |  1.7
Stealth        | |  1.7
Conjurations   | |  1.8
Ice Magic      | |  3.8

Action                   |  1- 3 |  4- 6 || total
-------------------------+-------+-------++-------
Melee: Unarmed           |    21 |       ||    21
       Tailslap          |     8 |     2 ||    10
       Dagger            |   103 |    28 ||   131
 Cast: Freeze            |    21 |     8 ||    29
       Throw Frost       |     3 |       ||     3
       Ozocubu's Armour  |       |     2 ||     2
  Use: Potion            |     1 |     2 ||     3
 Stab: Sleeping          |     3 |       ||     3
  Eat: Chunk             |     2 |     1 ||     3
Armor: Skin              |    50 |     9 ||    59
Dodge: Dodged            |   105 |    27 ||   132
